 Dungeon Crawl Stone Soup version 0.28.0-49-g6dfe1f597d (webtiles) character file.

Game seed: 479307222862942386

67 Zeld the Digger (level 4, 0/40 HPs)
             Began as a Gargoyle Earth Elementalist on May 15, 2022.
             Was a Follower of Sif Muna.
             Slain by a goblin
             ... wielding a +0 club
             ... led by Robin
              (2 damage)
             ... on level 4 of the Dungeon.
             The game lasted 00:02:43 (1989 turns).

Zeld the Digger (Gargoyle Earth Elementalist)       Turns: 1989, Time: 00:02:44

Health: 0/40       AC:  5    Str: 11    XL:     4   Next: 18%
Magic:  0/7        EV:  9    Int: 18    God:    Sif Muna [*.....]
Gold:   114        SH:  0    Dex: 10    Spells: 1/7 levels left

rFire   . . .      SeeInvis .   (no weapon)
rCold   . . .      Faith    .   (no shield)
rNeg    + . .      Spirit   .   b - +0 robe
rPois   ∞          Reflect  .   (no helmet)
rElec   +          Harm     .   (no cloak)
rCorr   .          Rampage  .   (no gloves)
Will    .....                   (no boots)
Stlth   ++........              j - amulet of Vitality {Regen+ HP+15}
HPRegen 0.93/turn               (no ring)
MPRegen 0.10/turn               (no ring)

@: constricted
A: sickness immunity, AC +3, negative energy resistance 1, electricity
resistance, torment resistance 1, petrification resistance
a: Renounce Religion, Channel Magic


You were on level 4 of the Dungeon.
You worshipped Sif Muna.
Sif Muna was aware of your devotion.
You visited 1 branch of the dungeon, and saw 4 of its levels.

You collected 114 gold pieces.

Inventory:

Missiles
 c - 15 stones
Armour
 b - a +0 robe (worn)
Jewellery
 j - the amulet of Vitality (around neck) {Regen+ HP+15}
   (You found it on level 2 of the Dungeon)

   [amulet of regeneration]

   HP:        It affects your health (+15).
   Regen:     It increases your rate of health regeneration.
Wands
 k - a wand of digging (2)
Scrolls
 a - 3 scrolls of fog {unknown}
 d - a scroll of fear {unknown}
 f - a scroll of noise {unknown}
 g - a scroll of enchant armour {unknown}
 l - a scroll of identify {unknown}
Potions
 e - a potion of curing {unknown}
 h - a potion of heal wounds {unknown}
 i - a potion of ambrosia {unknown}


   Skills:
 * Level 1.3 Fighting
 * Level 1.4 Armour
 + Level 1.8 Dodging
 + Level 2.4 Stealth
 * Level 2.4 Spellcasting
 + Level 0.1 Conjurations
 + Level 1.1 Transmutations
 * Level 4.2 Earth Magic


You had one spell level left.
You knew the following spells:

 Your Spells              Type           Power      Damage    Failure   Level
a - Sandblast             Erth           34%        2d9       3%          1
b - Passwall              Tmut/Erth      9%         N/A       9%          2
c - Stone Arrow           Conj/Erth      20%        3d8       21%         3

Your spell library contained the following spells:

 Spells                   Type           Power      Damage    Failure   Level
 Ensorcelled Hibernation  Hex/Ice        4%         N/A       26%         2
 Swiftness                Air            2%         N/A       45%         3
 Petrify                  Tmut/Erth      11%        N/A       50%         4


Dungeon Overview and Level Annotations

Branches:
Dungeon (4/15)
 Temple: D:4-7

Altars:
Sif Muna

Annotations:
D:4 Robin


Innate Abilities, Weirdness & Mutations

You are immune to sickness and miasma.
Your stone body is resilient. (AC +3)
You are immune to poison.
You resist negative energy. (rN+)
You are resistant to electric shocks. (rElec)
You are resistant to unholy torment.
You are immune to petrification.


Message History

* * * LOW HITPOINT WARNING * * *
The hound barely misses you.
The hobgoblin hits you but does no damage.
The ball python bites you.
* * * LOW HITPOINT WARNING * * *
The ball python constricts you.
* * * LOW HITPOINT WARNING * * *
You hear a zap.
You hear a grinding noise.
Unknown command.
You barely miss the hobgoblin.
The hobgoblin is heavily wounded.
The howler monkey hits you but does no damage.
The goblin barely misses you. The hound bites you but does no damage.
The ball python bites you but does no damage.
The ball python constricts you.
* * * LOW HITPOINT WARNING * * *
The hobgoblin misses you.
Unknown command.
Casting: Sandblast (safe; 3% risk of failure)
Confirm with . or Enter, or press ? or * to list all spells.
Aiming: Sandblast (safe; 3% risk of failure)
Press: ? - help, Shift-Dir - straight line, f - goblin
Aim: a goblin, wielding a +0 club and quivering stones (74% to hit)
The blast of sand hits the goblin.
The goblin is severely wounded.
c - 15 stones The hound bites you.
* * * LOW HITPOINT WARNING * * *
The howler monkey hits you.
* * * LOW HITPOINT WARNING * * *
The goblin completely misses you.
The ball python bites you but does no damage.
The ball python constricts you. The hound closely misses you.
The hobgoblin completely misses you.
You completely miss the goblin.
The goblin is severely wounded.
The howler monkey hits you.
* * * LOW HITPOINT WARNING * * *
The goblin hits you with a +0 club.
You die...

#...≈≈≈.≈sl##...#
#...P≈≈.♣......#####.
#.....go.g...........
#......######..#####
###......# #o.#
.........# #lg#
##.#....######ws#
#.#..g....Kgghhg#
o##. ##.....#§#g@S##
..# ##...## #####
#.###.#.## #.#.##.#
#.###?# .####g###.#
..g.gg<...#
.g...g##### #######


You could see a scorpion, a howler monkey, an iguana, a hound, Robin, a dart
slug, an orc, 2 hobgoblins, 2 goblins, a ball python and a kobold.

Vanquished Creatures
  3 adders
  A worm (D:2)
  9 goblins
  6 hobgoblins
  2 jackals (D:2)
  2 kobolds (D:1)
  2 ball pythons
  6 bats
  3 frilled lizards
  4 rats
38 creatures vanquished.

Vanquished Creatures (others)
  A plant (D:4)
1 creature vanquished.

Grand Total: 39 creatures vanquished

Notes
Turn   | Place    | Note
-------+----------+-------------------------------------------
     0 | D:1      | Zeld the Gargoyle Earth Elementalist began the quest for
                  | the Orb.
     0 | D:1      | Reached XP level 1. HP: 10/10 MP: 3/3
   103 | D:1      | You fall into a shaft and drop 1 floor!
   154 | D:2      | Reached XP level 2. HP: 7/16 MP: 0/5
   334 | D:2      | Learned a level 2 spell: Passwall
   426 | D:2      | Found a shimmering blue altar of Sif Muna.
   443 | D:2      | Found the amulet of Vitality {Regen+ HP+15}
   465 | D:2      | Became a worshipper of Sif Muna the Loreminder
   468 | D:2      | Reached skill level 1 in Fighting
   468 | D:2      | Reached skill level 1 in Armour
   468 | D:2      | Reached skill level 1 in Transmutations
   468 | D:2      | Reached XP level 3. HP: 20/20 MP: 3/6
   472 | D:2      | Learned a level 3 spell: Stone Arrow
   482 | D:1      | Reached skill level 4 in Earth Magic
  1913 | D:3      | Reached XP level 4. HP: 25/25 MP: 0/7
  1948 | D:4      | Noticed Robin
  1960 | D:4      | Noticed a scorpion
  1982 | D:4      | Reached * piety under Sif Muna
  1989 | D:4      | HP: 2/40 [howler monkey (4)]
  1989 | D:4      | Slain by a goblin

Illustrated notes

Levels and vault maps discovered:
D:1:      minmay_arrival_four_loops, layout_basic, interstate_on_off
D:2:      layout_rooms, basic_altar, st_stairs_11
D:3:      layout_basic, corexii_corridor_pit, minmay_quantized
D:4:      layout_loops_ring, nzn_hepliaklqana_mist_gate, serial_shops,
          nicolae_lakefront_shop, serial_bayou_pond_b,
          chequers_serial_rivers_micro_e, uniq_edmund, uniq_grinder, uniq_robin,
          uniq_pikel

Skill      XL: |  1  2  3 |
---------------+----------+-----
Fighting       | 1 |  1.3
Armour         | 1 |  1.4
Transmutations | 1 |  1.1
Earth Magic    | 4 |  4.2
Dodging        | |  1.8
Stealth        | |  2.4
Spellcasting   | |  2.4
Conjurations   | |  0.1

Action                   |  1- 3 |  4- 6 || total
-------------------------+-------+-------++-------
Melee: Unarmed           |    22 |    29 ||    51
 Cast: Sandblast         |    57 |     8 ||    65
Armor: Robe              |    16 |    31 ||    47
Dodge: Dodged            |    41 |    59 ||   100
